 Dungeon Crawl Stone Soup version 0.18.1-50-g88ac8fd (webtiles) character file.

213219 Amnesiac the Pioneer (level 19, 0/96 HPs)
             Began as a Vine Stalker Fighter on Mar 10, 2018.
             Was an Elder of Pakellas.
             Slain by a hell beast (5 damage)
             ... summoned by Geryon
             ... in the Vestibule of Hell.
             The game lasted 01:32:33 (23263 turns).

Amnesiac the Pioneer (Vine Stalker Fighter)        Turns: 23263, Time: 01:32:33

Health: 0/96       AC: 32    Str: 30    XL:     19   Next: 35%
Magic:  0/33       EV: 12    Int:  7    God:    Pakellas [****..]
Gold:   1987       SH: 27    Dex: 15    Spells: 5 memorised, 10 levels left

rFire  + + .     SeeInvis +     q - +4 arc blade {discharge, rElec}
rCold  + . .     Gourm    .     K - +4 plate armour
rNeg   + . .     Faith    .     g - +5 shield {AC+3}
rPois  +         Spirit   +     D - +2 helmet
rElec  +         Dismiss  .     e - +1 cloak {rPois}
rCorr  .         Reflect  +     r - +1 pair of gloves
SustAt .         Harm     .     l - +2 pair of boots
MR     ++...                    G - brooch of Shielding {Reflect SH+8}
Stlth  +.........               Q - ring of Sausmena {Fragile rN+ Str+3 Slay+2 SInv}
                                E - ring of Sogryffeps {Wiz rPois rF+ rC+ Stlth+}

@: very slightly contaminated, hasted, very quick, very resistant to hostile
enchantments, very unstealthy
A: fangs 3, rugged brown scales 1, fire resistance 1, frail 1, regeneration 3,
magic shield, antimagic bite, no device heal 3, rot immunity
a: Quick Charge, Device Surge, Renounce Religion


You were in the Vestibule of Hell.
You worshipped Pakellas.
Pakellas was greatly pleased with you.
You were not hungry.

You visited 6 branches of the dungeon, and saw 23 of its levels.
You visited the Abyss 2 times.
You also visited: Trove and Bailey.

You collected 3000 gold pieces.
You spent 1013 gold pieces at shops.

Inventory:

Hand Weapons
 a - a +9 quick blade
 q - the +4 arc blade (weapon) {discharge, rElec}
   (You took it off Nikola on level 1 of the Depths)

   It insulates you from electricity.
 w - a +9 blowgun
Missiles
 j - a throwing net (quivered)
 C - 46 poisoned needles
 U - 6 needles of paralysis
Armour
 e - a +1 cloak of poison resistance (worn)
 g - a +5 shield of protection (worn)
 l - a +2 pair of boots (worn)
 r - a +1 pair of gloves (worn)
 D - a +2 helmet (worn)
 K - a +4 plate armour (worn)
Rods
 b - a +9 rod of clouds (17/17)
   (You acquired it on level 8 of the Dungeon)
 W - a +7 rod of shadows (17/17)
   (Pakellas gifted it to you in a bailey)
Jewellery
 E - the ring of Sogryffeps (left hand) {Wiz rPois rF+ rC+ Stlth+}
   (You found it in a treasure trove)

   [ring of wizardry]

   It improves your spell success rate.
   It protects you from fire.
   It protects you from cold.
   It protects you from poison.
   It makes you more stealthy.
 F - the ring "Ekirin" {+Blink MR+ MP+9 Str+7 Int+5 Dex-4}
   (You found it on level 3 of the Elven Halls)

   [ring of intelligence]

   It affects your strength (+7).
   It affects your intelligence (+5).
   It affects your dexterity (-4).
   It affects your resistance to hostile enchantments.
   It affects your magic capacity (+9).
   It lets you blink.
 G - the brooch of Shielding (around neck) {Reflect SH+8}
   (You took it off a deep elf elementalist on level 3 of the Elven Halls)

   [amulet of reflection]

   It shields you and reflects attacks.
   It affects your SH (+8).
 Q - the ring of Sausmena (right hand) {Fragile rN+ Str+3 Slay+2 SInv}
   (You found it in a bailey)

   [ring of see invisible]

   It affects your strength (+3).
   It affects your accuracy and damage with ranged weapons and melee attacks
   (+2).
   It protects you from negative energy.
   It lets you see invisible.
   It will be destroyed if unequipped.
Wands
 n - a wand of disintegration (22/24)
 v - a wand of acid (14/15)
 R - a wand of paralysis (24/24)
 V - a wand of teleportation (9/9)
 X - a wand of lightning (15/15)
 Y - a wand of iceblast (15/15)
Scrolls
 t - 3 scrolls of identify {!r}
 x - 7 scrolls of remove curse {!r}
 z - a scroll of silence {!r}
 B - 5 scrolls of teleportation {!r}
 J - 2 scrolls of blinking {!r}
 L - 3 scrolls of summoning {!r}
 M - a scroll of fear {!r}
 P - a scroll of fog {!r}
 T - 2 scrolls of magic mapping {!r}
Potions
 d - 4 potions of might {!q}
 h - 16 potions of magic {!q}
 i - 3 potions of cancellation {!q}
 k - 8 potions of curing {!q}
 m - 2 potions of cure mutation {!q}
 u - 4 potions of haste {!q}
 I - a potion of agility {!q}
 N - 3 potions of flight {!q}
 S - 2 potions of resistance {!q}
 Z - a potion of invisibility {!q}
Miscellaneous
 c - a legendary deck of wonders {drawn: 1}
 o - a box of beasts
 p - a disc of storms
 y - 2 phantom mirrors
 A - a sack of spiders
 H - a fan of gales
 O - a lamp of fire
Comestibles
 f - 23 bread rations


   Skills:
 - Level 13.3 Fighting
 - Level 10.0 Short Blades
 - Level 7.0 Armour
 - Level 9.0 Dodging
 - Level 10.0 Stealth
 - Level 12.0 Shields
 + Level 18.8 Evocations


You had 10 spell levels left.
You knew the following spells:

 Your Spells              Type           Power        Failure   Level  Hunger
a - Apportation           Tloc           #.........   99%         1    ##.....
b - Passwall              Trmt/Erth      #.........   100%        2    ###....
c - Repel Missiles        Chrm/Air       #.....       100%        2    ###....
d - Summon Butterflies    Summ           #.......     99%         1    ##.....
v - Blink                 Tloc           N/A          100%        2    ###....


Dungeon Overview and Level Annotations

Branches:
Dungeon (15/15)            Temple (1/1) D:4            Lair (0/8) D:11
    Orc (2/2) D:9             Elf (3/3) Orc:2        Vaults (0/5) D:13
 Depths (1/5) D:15           Hell (1/1)
    Dis: Hell:1         Geh: Hell:1         Coc: Hell:1         Tar: Hell:1

Altars:
Ashenzari
Cheibriados
Dithmenos
Elyvilon
Fedhas
Gozag
Kikubaaqudgha
Makhleb
Nemelex Xobeh
Okawaru
Pakellas
Qazlal
Ru
Sif Muna
Trog
Vehumet
Xom
Yredelemnul
Zin
The Shining One
Beogh

Shops:
D:4 (   D:5 ((([   D:9 }   D:14 %   Orc:2 [:*(   Elf:1 :

Portals:
Hell: Depths:1
Abyss: Depths:1

Annotations:
Hell Geryon


Innate Abilities, Weirdness & Mutations

You have razor-sharp teeth.
You regenerate.
When hurt, damage is shared between your health and your magic reserves.
Your bite disrupts and absorbs the magic of your enemies.
Potions and wands cannot restore your health.
You are immune to rotting.
You are partially covered in rugged brown scales (AC +1, +3% HP).
Your flesh is heat resistant.
You are frail (-10% HP).


Message History

You puncture Geryon! You bite Geryon, but do no damage.
Geryon is severely wounded.
Geryon winds a great silver horn.
The smoke demon gestures at you. Something smites you!
You block the hell beast's attack. x2
The reaper hits you from afar with a scythe of freezing.
The reaper freezes you.
You barely miss Geryon. You bite Geryon!
Geryon's magic leaks into the air.
You drain his magic.
You feel invigorated.
Geryon is severely wounded.
You block the reaper's attack.
You hit Geryon. You bite Geryon!
Geryon's magic leaks into the air.
You drain his magic.
Geryon is severely wounded.
You block the hell beast's attack. x2
The smoke demon gestures at you. Something smites you!
Geryon roars, "Bolt whilst thou may!"
Geryon winds a great silver horn.
The reaper shouts, "I have come for you, Amnesiac!"
The reaper hits you but does no damage. You block the lorocyproca's attack.
You barely miss Geryon. You bite Geryon.
Geryon's magic leaks into the air.
You drain his magic.
You feel invigorated.
Geryon is severely wounded.
You block the hell beast's attack. x2
Your shield and plate armour prevent you from hitting Geryon.
You bite Geryon!
Geryon's magic leaks into the air.
You drain his magic.
You feel invigorated.
Geryon is severely wounded.
The reaper closely misses you. You block Geryon's attack.
You block the hell beast's attack.
The hell beast tramples you but does no damage.
The reaper hits you from afar with a scythe of protection!
You block the lorocyproca's attack.
An alligator zombie comes into view.
You hit Geryon.
Geryon is severely wounded.
You hit Geryon but do no damage.
Geryon is severely wounded.
You block the hell beast's attack. x2; The hell beast bites you.
You block the hell beast's attack.
The reaper hits you from afar with a scythe of freezing!
Geryon tail-slaps you!
* * * LOW HITPOINT WARNING * * *
You hit Geryon but do no damage. You bite Geryon, but do no damage.
Geryon is severely wounded.
You block the hell beast's attack.
The hell beast tramples you but does no damage.
The lorocyproca hits you!
* * * LOW HITPOINT WARNING * * *
You feel your power leaking away.
You block the hell beast's attack. x3; The hell beast closely misses you.
The reaper hits you from afar with a scythe of freezing!!
* * * LOW HITPOINT WARNING * * *
The reaper freezes you.
* * * LOW HITPOINT WARNING * * *
The alligator zombie moves out of view.
You block the reaper's attack.
Geryon falters for a moment.
You block the hell beast's attack. x2
The smoke demon gestures at you. Something smites you!
* * * LOW HITPOINT WARNING * * *
The hell beast bites you.
You die...
Pakellas says: Time to find a new assistant...

##.......##
##.........##
##..#.....#..##
#.............##
...............#
...............Z.
#.....∩.....#...
........22.......
......3.@22....#
#.........&...##
##..#..222#..##
##.....3...##
##.......##
##.....## ##...##
#...#


You could see Geryon, 3 hell beasts, a lorocyproca (invisible), 3 reapers, a
soul eater, a smoke demon and an alligator zombie.

Vanquished Creatures
  Nikola (Depths:1)
  Rupert (D:13)
  2 deep elf master archers (Elf:3)
  3 deep elf blademasters
  4 tentacled starspawn (Abyss:3)
  A frost giant (Depths:1)
  5 deep elf sorcerers
  6 deep elf elementalists (Elf:3)
  A very ugly thing (Depths:1)
  5 deep elf demonologists (Elf:3)
  The ghost of Amnesiac the Grand Gadgeteer, a journeyman MfFi of Pakellas (D:13)
  A spark wasp (Depths:1)
  4 deep elf annihilators (Elf:3)
  2 ettins (Depths:1)
  A vault guard (D:13)
  Erolcha (D:11)
  5 deep elf death magi (Elf:3)
  3 deep elf high priests
  An ice dragon (Depths:1)
  2 rakshasas
  3 hydras
  An entropy weaver (D:15)
  A catoblepas (D:14)
  2 centaur warriors
  2 ogre magi
  A death knight (D:13)
  19 dancing weapons
  2 tengu warriors (D:13)
  2 orc high priests
  2 deep troll earth magi (Depths:1)
  3 thrashing horrors (Abyss:3)
  2 hell hogs (Depths:1)
  15 deep elf knights
  Nergalle (D:11)
  5 hell knights
  An unseen horror (D:12)
  7 skeletal warriors
  The ghost of Amnesiac the Cardsharp, a novice MfFi of Nemelex Xobeh (D:8)
  2 wizards
  7 deep elf archers
  4 large abominations
  2 deep trolls (Depths:1)
  3 hill giants
  A necromancer (Depths:1)
  2 phantasmal warriors
  A wolf spider zombie (D:14)
  3 orc knights
  A mana viper (shapeshifter) (D:13)
  17 ugly things (D:15)
  7 orc sorcerers
  45 deep elf magi
  3 cyclopes
  An apocalypse crab (Abyss:3)
  3 manticores
  A torpor snail (shapeshifter) (D:15)
  A smoke demon (Abyss:3)
  3 gargoyles
  A rime drake (shapeshifter) (Depths:1)
  3 freezing wraiths
  3 yaktaurs (Depths:1)
  5 trolls
  2 tengu conjurers
  3 two-headed ogres
  A jumping spider (shapeshifter) (Elf:1)
  A harpy skeleton (D:15)
  16 slime creatures
  2 raiju (Abyss:3)
  7 air elementals
  5 water elementals
  A shadow (D:15)
  2 redbacks (D:15)
  5 fire elementals
  A tarantella (shapeshifter) (Elf:1)
  2 vampires
  A yak (shapeshifter) (Elf:1)
  2 wyverns
  2 wraiths
  A human (D:11)
  11 yaks
  6 hippogriffs
  A basilisk (D:13)
  2 hungry ghosts (D:12)
  A neqoxec (Abyss:3)
  Grum (D:11)
  5 wargs
  A mottled dragon (D:15)
  2 small abominations (Abyss:3)
  9 hell hounds (Depths:1)
  2 water moccasins
  An eye of draining (Abyss:3)
  26 orc warriors
  3 ice beasts
  4 phantoms
  A necrophage (D:9)
  2 sky beasts
  17 ogres
  13 centaurs
  4 wolves (D:11)
  2 crocodiles
  2 big kobolds
  A wyvern zombie (D:6)
  2 earth elementals (Elf:2)
  4 giant frogs
  A wyvern skeleton (D:11)
  6 scorpions
  7 jellies
  6 howler monkeys
  12 crimson imps
  2 giant frog zombies
  A quasit (D:7)
  2 centaur zombies (D:5)
  5 centaur skeletons
  11 hounds
  20 orc priests
  2 giant frog skeletons
  24 orc wizards
  Jessica (D:3)
  Ijyb (D:3)
  An iguana (D:5)
  9 worker ants
  4 sheep (D:11)
  A hound skeleton (D:4)
  A worker ant zombie (D:6)
  A howler monkey skeleton (D:6)
  7 gnolls
  12 adders
  6 shadow imps
  2 ufetubi (Abyss:3)
  3 oozes
  An adder zombie (D:7)
  3 worms
  4 dart slugs
  4 giant geckos
  81 orcs
  4 giant cockroaches
  7 goblins
  10 hobgoblins
  6 quokkas
  2 ball pythons
  5 bats
  5 giant newts
  22 kobolds
  7 rats
  A crawling corpse (Elf:2)
  A plant (D:3)
  2 starspawn tentacles (Abyss:3)
729 creatures vanquished.

Vanquished Creatures (collateral kills)
  7 dancing weapons
  A deep elf knight (Elf:2)
  2 skeletal warriors (D:15)
10 creatures vanquished.

Vanquished Creatures (others)
  A deep troll (Depths:1)
  A yaktaur (Depths:1)
  An air elemental (Elf:2)
  An orc priest (Orc:1)
  13 starspawn tentacles (Abyss:3)
  54 starspawn tentacle segments (Abyss:3)
71 creatures vanquished.

Grand Total: 810 creatures vanquished

Notes
Turn   | Place    | Note
--------------------------------------------------------------
     0 | D:1      | Amnesiac the Vine Stalker Fighter began the quest for the Orb.
     0 | D:1      | Reached XP level 1. HP: 11/11 MP: 2/2
   106 | D:1      | Reached skill level 1 in Stealth
   184 | D:4      | Noticed an orc wizard
   184 | D:4      | Noticed a hound
   214 | D:3      | Reached XP level 2. HP: 14/16 MP: 3/3
   346 | D:3      | Noticed Jessica
   360 | D:3      | Killed Jessica
   360 | D:3      | Reached XP level 3. HP: 19/19 MP: 4/4
   453 | D:4      | Found a staircase to the Ecumenical Temple.
   457 | D:4      | Noticed a scorpion
   461 | Temple   | Entered the Ecumenical Temple
   829 | Temple   | Became a worshipper of Pakellas the Inventive
   914 | D:4      | Killed a scorpion
   914 | D:4      | Reached skill level 2 in Evocations
   914 | D:4      | Reached XP level 4. HP: 17/23 MP: 4/6
  1577 | D:1      | Reached * piety under Pakellas
  1577 | D:1      | Received a gift from Pakellas
  1710 | D:2      | Reached XP level 5. HP: 18/27 MP: 7/7
  1929 | D:2      | Reached skill level 3 in Evocations
  2194 | D:2      | Reached ** piety under Pakellas
  2194 | D:2      | Received a gift from Pakellas
  2331 | D:3      | Noticed Ijyb
  2346 | D:3      | Killed Ijyb
  2361 | D:3      | Found a faded altar to an unknown god.
  2468 | D:3      | Gained mutation: You heal very quickly. [Vine Stalker growth]
  2468 | D:3      | Reached XP level 6. HP: 31/32 MP: 9/9
  2767 | D:4      | Noticed a phantom
  2815 | D:4      | Killed a phantom
  2815 | D:4      | Reached skill level 1 in Dodging
  2879 | D:4      | Reached XP level 7. HP: 26/35 MP: 8/10
  2927 | D:4      | Reached *** piety under Pakellas
  2927 | D:4      | Received a gift from Pakellas
  3027 | D:4      | Found a glowing golden altar of the Shining One.
  3298 | D:4      | Found Zimuim's Weapon Emporium.
  3502 | D:5      | Entered Level 5 of the Dungeon
  3537 | D:5      | Found a blossoming altar of Fedhas.
  3620 | D:5      | Found Iplairuev's Antique Weapon Emporium.
  3634 | D:5      | Reached skill level 4 in Evocations
  3641 | D:5      | Bought a glowing blowgun for 67 gold pieces
  3660 | D:5      | Found Fothrenk's Weapon Shop.
  3882 | D:5      | Found Taecedgh's Antique Weapon Shop.
  3891 | D:5      | Bought a glowing dagger for 52 gold pieces
  3891 | D:5      | Bought a runed blowgun for 65 gold pieces
  3931 | D:5      | Found a shattered altar of Ashenzari.
  4084 | D:5      | Gained mutation: You have razor-sharp teeth. [Vine Stalker growth]
  4084 | D:5      | Reached XP level 8. HP: 37/39 MP: 12/12
  4128 | D:5      | Reached skill level 5 in Evocations
  4153 | D:5      | Reached skill level 5 in Short Blades
  4168 | D:5      | Found a deep blue altar of Sif Muna.
  4185 | D:5      | Reached skill level 5 in Stealth
  4390 | D:5      | Found a basalt altar of Yredelemnul.
  4402 | D:5      | Found Nymemn's Armour Shoppe.
  4766 | D:6      | Reached skill level 6 in Evocations
  4825 | D:6      | Reached **** piety under Pakellas
  4825 | D:6      | Received a gift from Pakellas
  4901 | D:6      | Reached XP level 9. HP: 25/43 MP: 14/14
  5498 | D:7      | Reached skill level 7 in Evocations
  5603 | D:7      | Found an ancient bone altar of Kikubaaqudgha.
  5603 | D:7      | Found a radiant altar of Vehumet.
  5957 | D:5      | Bought a +1 helmet for 161 gold pieces
  6172 | D:8      | Learned a level 2 spell: Blink
  6174 | D:8      | Learned a level 1 spell: Apportation
  6374 | D:8      | Identified a scroll of acquirement {!r}
  6407 | D:8      | Found a flagged portal.
  6417 | D:8      | Got a polished halberd
  6421 | Bailey   | Entered a bailey
  6436 | Bailey   | Identified a +9 rod of clouds (13/13) (You acquired it on level 8 of the Dungeon)
  6680 | Bailey   | Reached ***** piety under Pakellas
  6680 | Bailey   | Received a gift from Pakellas
  6684 | Bailey   | Identified a +3 rod of shadows (12/12) (Pakellas gifted it to you in a bailey)
  6776 | Bailey   | Reached skill level 8 in Evocations
  6876 | Bailey   | Noticed an orc knight
  6925 | Bailey   | Reached XP level 10. HP: 48/48 MP: 17/17
  6938 | Bailey   | Killed an orc knight
  7020 | Bailey   | Got a sparkling brass ring
  7027 | Bailey   | Learned a level 2 spell: Passwall
  7353 | D:8      | Noticed Amnesiac's ghost (novice MfFi)
  7379 | D:8      | Killed Amnesiac's ghost
  7858 | D:9      | Found Saug's Gadget Shoppe.
  7890 | D:9      | Found a shimmering altar of Xom.
  8009 | D:9      | Found a staircase to the Orcish Mines.
  8085 | D:9      | Found a basalt altar of Yredelemnul.
  8523 | Orc:1    | Entered Level 1 of the Orcish Mines
  8524 | Orc:1    | Noticed an orc sorcerer
  8583 | Orc:1    | Killed an orc sorcerer
  8697 | Orc:1    | Reached skill level 5 in Armour
  8789 | Orc:1    | Noticed an orc high priest
  8799 | Orc:1    | Killed an orc high priest
  8799 | Orc:1    | Reached XP level 11. HP: 50/52 MP: 18/18
  8820 | Orc:1    | HP: 2/53 [orc warrior/halberd of flaming[an orc high priest] (2)]
  9081 | Orc:2    | Entered Level 2 of the Orcish Mines
  9176 | Orc:2    | Noticed an orc sorcerer
  9184 | Orc:2    | Killed an orc sorcerer
  9184 | Orc:2    | Reached skill level 5 in Fighting
  9214 | Orc:2    | Noticed an orc knight
  9226 | Orc:2    | Killed an orc knight
  9263 | Orc:2    | Noticed a cyclops
  9271 | Orc:2    | Killed a cyclops
  9271 | Orc:2    | Reached skill level 5 in Shields
  9301 | Orc:2    | Found a roughly hewn altar of Beogh.
  9320 | Orc:2    | Found a staircase to the Elven Halls.
  9375 | Orc:2    | Noticed an orc knight
  9382 | Orc:2    | Reached skill level 5 in Dodging
  9384 | Orc:2    | Killed an orc knight
  9636 | Orc:2    | Noticed an orc sorcerer
  9639 | Orc:2    | Noticed an orc sorcerer
  9643 | Orc:2    | Noticed an orc high priest
  9646 | Orc:2    | Noticed a sixfirhy
  9653 | Orc:2    | Noticed an orc sorcerer
  9657 | Orc:2    | Noticed a sun demon
  9658 | Orc:2    | Killed an orc sorcerer
  9681 | Orc:2    | Killed an orc sorcerer
  9693 | Orc:2    | Killed an orc high priest
  9776 | Orc:2    | Killed an orc sorcerer
  9822 | Orc:2    | Found Zeukk's Weapon Shop.
  9822 | Orc:2    | Found Dimerohi's Antique Armour Boutique.
  9822 | Orc:2    | Found Fem Jat's Book Boutique.
  9825 | Orc:2    | Found Iroothet's General Store.
  9828 | Orc:2    | Noticed an orc sorcerer
  9920 | Orc:2    | Noticed a cyclops
  9950 | Orc:2    | Killed a cyclops
 10163 | Orc:2    | Gained mutation: You regenerate. [Vine Stalker growth]
 10163 | Orc:2    | Reached XP level 12. HP: 21/60 MP: 12/19
 10303 | Orc:2    | Bought a pair of glowing boots for 139 gold pieces
 10308 | Orc:2    | Bought a glowing shield for 139 gold pieces
 10502 | D:9      | Bought a legendary deck of wonders for 390 gold pieces
 10507 | D:10     | Entered Level 10 of the Dungeon
 10593 | D:10     | Reached ****** piety under Pakellas
 11707 | D:11     | Noticed Nergalle
 11754 | D:11     | Killed Nergalle
 11905 | D:11     | Found a staircase to the Lair.
 11976 | D:11     | Reached skill level 9 in Evocations
 12065 | D:11     | Noticed Erolcha
 12079 | D:11     | Killed Erolcha
 12275 | D:11     | Noticed Grum
 12294 | D:11     | Killed Grum
 12358 | D:11     | Noticed an eight-headed hydra
 12366 | D:11     | Killed an eight-headed hydra
 12693 | D:12     | Reached skill level 10 in Short Blades
 12704 | D:12     | Reached skill level 10 in Stealth
 12885 | D:12     | Identified the ring of Sausmena {Fragile rN+ Str+3 Slay+2 SInv} (You found it in a bailey)
 13276 | D:12     | Reached XP level 13. HP: 63/63 MP: 21/21
 13310 | D:12     | Reached skill level 10 in Evocations
 13714 | D:13     | Learned a level 2 spell: Repel Missiles
 13716 | D:13     | Noticed Amnesiac's ghost (journeyman MfFi)
 13724 | D:13     | Killed Amnesiac's ghost
 13724 | D:13     | Reached skill level 11 in Evocations
 13800 | D:13     | Noticed Rupert
 13806 | D:13     | Paralysed by Rupert for 7 turns
 13835 | D:13     | Killed Rupert
 14057 | D:13     | Reached skill level 12 in Evocations
 14348 | D:13     | Noticed a vault guard
 14352 | D:13     | Killed a vault guard
 14362 | D:13     | Found a gate to the Vaults.
 14578 | D:13     | Reached skill level 13 in Evocations
 14816 | D:14     | Reached XP level 14. HP: 68/68 MP: 25/25
 15140 | D:14     | Found Ciulic's Food Emporium.
 15181 | D:14     | Reached skill level 14 in Evocations
 15343 | D:15     | Entered Level 15 of the Dungeon
 15497 | D:15     | Cast into level 3 of the Abyss (an ogre mage)
 15497 | Abyss:3  | Found a corrupted altar of Lugonu.
 15528 | D:15     | Escaped the Abyss
 16040 | D:15     | Reached skill level 15 in Evocations
 16251 | D:15     | Drew Focus: Str increased to 25, Int decreased to 7
 16397 | D:15     | Found a staircase to the Depths.
 16825 | Elf:1    | Entered Level 1 of the Elven Halls
 16995 | Elf:1    | Reached skill level 16 in Evocations
 17069 | Elf:1    | Reached XP level 15. HP: 58/72 MP: 22/28
 17257 | Elf:1    | Found Ajaiz's Book Shoppe.
 17374 | Elf:1    | Noticed a deep elf sorcerer
 17399 | Elf:1    | Killed a deep elf sorcerer
 17899 | Elf:1    | Found a portal to a secret trove of treasure.
 17956 | Trove    | Entered a treasure trove
 17994 | Trove    | Reached XP level 16. HP: 78/78 MP: 29/29
 18003 | Trove    | Got a slimy jade ring
 18004 | Trove    | Identified the ring of Sogryffeps {Wiz rPois rF+ rC+ Stlth+} (You found it in a treasure trove)
 18014 | Trove    | Got a clouded brass ring
 18015 | Trove    | Identified the ring of Xacenad {Wiz Str+4} (You found it in a treasure trove)
 18043 | Trove    | Identified Sif Muna's Guide on the Bewitching Escort (You found it in a treasure trove)
 18046 | Trove    | Learned a level 1 spell: Summon Butterflies
 18057 | Trove    | Identified a manual of Fighting (You found it in a treasure trove)
 18096 | Elf:1    | Reached XP level 17. HP: 85/85 MP: 30/30
 18522 | Elf:2    | Reached skill level 10 in Fighting
 18740 | Elf:2    | Found a runed gate.
 18740 | Elf:2    | Found a runed gate.
 18740 | Elf:2    | Found a runed gate.
 18785 | Elf:2    | Noticed a deep elf blademaster
 18789 | Elf:2    | Killed a deep elf blademaster
 19591 | Elf:3    | Entered Level 3 of the Elven Halls
 20034 | Elf:3    | Found a radiant altar of Vehumet.
 20053 | Elf:3    | Gained mutation: You are frail (-10% HP). [potion of mutation]
 20053 | Elf:3    | Gained mutation: You are partially covered in rugged brown scales (AC +1, +3% HP). [potion of mutation]
 20053 | Elf:3    | Gained mutation: Your flesh is heat resistant. [potion of mutation]
 20150 | Elf:3    | Reached XP level 18. HP: 93/93 MP: 31/31
 20155 | Elf:3    | Noticed a deep elf blademaster
 20158 | Elf:3    | Killed a deep elf blademaster
 20161 | Elf:3    | Noticed a deep elf blademaster
 20175 | Elf:3    | Killed a deep elf blademaster
 20175 | Elf:3    | Reached skill level 10 in Shields
 20229 | Elf:3    | Noticed a Tzitzimitl
 20230 | Elf:3    | HP: 4/93 [deep elf high priest/damnation (15)]
 20470 | Elf:3    | Noticed a deep elf master archer
 20484 | Elf:3    | Killed a deep elf master archer
 20750 | Elf:3    | Noticed a deep elf master archer
 20763 | Elf:3    | Killed a deep elf master archer
 20914 | Elf:3    | Got a smoking mace {venom}
 20914 | Elf:3    | Got a jade-encrusted leather armour
 20926 | Elf:3    | Identified the +1 leather armour of Disaster {rPois} (You took it off a deep elf death mage on level 3 of the Elven Halls)
 21070 | Elf:3    | Cast into level 3 of the Abyss (a deep elf sorcerer)
 21115 | Abyss:3  | Found an opulent altar of Gozag.
 21123 | Abyss:3  | Reached skill level 17 in Evocations
 21538 | Elf:3    | Escaped the Abyss
 21590 | Elf:3    | Got a dazzling quarterstaff
 21629 | Elf:3    | Identified Sif Muna's Catalogue of Flamy Companions
 21670 | Elf:3    | Got a transparent iron ring
 21672 | Elf:3    | Identified the ring "Ekirin" {+Blink MR+ MP+9 Str+7 Int+5 Dex-4} (You found it on level 3 of the Elven Halls)
 21835 | Elf:3    | Got a bloodstained robe
 21847 | Elf:3    | Identified the +2 robe of the King {+Fly rElec rPois Str-4} (You took it off a deep elf death mage on level 3 of the Elven Halls)
 22204 | Depths:1 | Entered Level 1 of the Depths
 22274 | D:15     | Reached XP level 19. HP: 96/96 MP: 32/32
 22334 | Depths:1 | Reached skill level 18 in Evocations
 22393 | Depths:1 | Found a one-way gate to the infinite horrors of the Abyss.
 22615 | Depths:1 | Noticed Nikola
 22696 | Depths:1 | Killed Nikola
 23189 | Depths:1 | Found a gateway to Hell.
 23239 | Hell     | Entered the Vestibule of Hell
 23239 | Hell     | Noticed Geryon
 23263 | Hell     | Slain by a hell beast

Skill      XL: |  1  2  3  4  5  6  7  8  9 10 11 12 13 14 15 16 17 18 19 |
---------------+----------------------------------------------------------+-----
Short Blades   | 2 3 4 6 7 8 10 | 10.0
Stealth        | 1 3 4 6 7 8 10 | 10.0
Evocations     | 2 3 4 6 8 9 13 16 17 18 | 18.8
Dodging        | 1 4 7 8 9 |  9.0
Fighting       | 3 5 6 7 13 | 13.3
Armour         | 5 7 |  7.0
Shields        | 4 5 6 7 9 12 | 12.0

Action                   |  1- 3 |  4- 6 |  7- 9 | 10-12 | 13-15 | 16-18 | 19-21 || total
-------------------------+-------+-------+-------+-------+-------+-------+-------++-------
Melee: Rapier            |    39 |    34 |       |       |       |       |    44 ||   117
       Bite              |     8 |    99 |   173 |   444 |   352 |   411 |   150 ||  1637
       Dagger            |       |   240 |   472 |   938 |   680 |   847 |       ||  3177
       Quick blade       |       |       |       |       |       |    80 |   214 ||   294
Invok: Quick Charge      |       |       |       |    12 |    27 |     2 |     2 ||    43
Evoke: Wand              |     4 |     3 |    29 |    55 |   100 |    11 |       ||   202
       Rod               |       |       |     8 |     3 |       |    18 |       ||    29
       Lamp of fire      |       |       |     1 |     1 |     2 |     2 |       ||     6
       Deck              |       |       |       |       |     1 |     2 |       ||     3
       Fan of gales      |       |       |       |       |     1 |     1 |       ||     2
  Use: Scroll            |       |       |    18 |    10 |    12 |    12 |       ||    52
       Potion            |       |       |       |     3 |     4 |     2 |     2 ||    11
 Stab: Sleeping          |       |     1 |       |       |       |       |       ||     1
       Confused          |       |     2 |       |       |       |       |       ||     2
       Paralysed         |       |       |    13 |    17 |    45 |     6 |       ||    81
       Invisible         |       |       |       |     2 |       |       |       ||     2
       Distracted        |       |       |       |       |       |     1 |       ||     1
  Eat: Chunk             |       |     7 |    10 |    27 |    14 |    16 |     5 ||    79
       Meat ration       |       |       |     1 |       |     1 |     1 |       ||     3
Armor: Scale mail        |    13 |    70 |    14 |       |       |       |       ||    97
       Plate armour      |       |       |   185 |   304 |   169 |   222 |    34 ||   914
Dodge: Dodged            |    16 |    54 |    72 |   161 |   121 |   138 |    23 ||   585
Block: Shield            |    21 |    83 |   154 |   365 |   336 |   504 |   141 ||  1604
       Reflection        |       |       |       |       |       |     3 |     8 ||    11
